[Event "42nd Olympiad Baku 2016 Women"]
[Site "Baku"]
[Date "2016.09.02"]
[Round "1.6"]
[White "Miller, Rachel"]
[Black "Nikolova, Adriana"]
[Result "0-1"]
[ECO "B23"]
[WhiteElo "1971"]
[BlackElo "2358"]
[PlyCount "104"]
[EventDate "2016.??.??"]
[EventCountry "AZE"]
[WhiteTeam "Jamaika"]
[BlackTeam "Bulgarien"]
[WhiteTeamCountry "JAM"]
[BlackTeamCountry "BUL"]
[TimeControl "40/5400+30:1800+30"]
[WhiteClock "0:36:54"]
[BlackClock "0:35:48"]

1. e4 {(00:00} c5 {(00:00} 2. Nc3 {(00:00} Nc6 {
(00:00} 3. f4 {(00:11} g6 {(00:40} 4. Nf3 {(00:
22} Bg7 {(00:14} 5. Bb5 {(00:27} Nd4 {(01:07} 6. O-O {
(00:28} a6 {(03:23} 7. Bd3 {(00:24} d6 {(11:18}
8. Nxd4 {(01:09} cxd4 {(00:27} 9. Ne2 {(00:40} Nf6 {
(05:18} 10. Kh1 {(07:49} O-O {(04:01} 11. Nxd4 {
(00:40} Nxe4 {(02:02} 12. Bxe4 {(00:43} Bxd4 {(
00:07} 13. Qf3 {(00:02} Qc7 {(06:40} 14. c3 {(00:45}
Bg7 {(01:00} 15. f5 {(00:32} Rb8 {(08:55} 16. d4 {
(01:57} b5 {(01:13} 17. Bg5 {(03:56} b4 {(21:28]
} 18. Rae1 {(23:42} bxc3 {(01:46} 19. bxc3 {(00:05}
gxf5 {(12:12} 20. Qg3 {(03:54} f6 {(03:36} 21. Bh6 {
(04:25} e6 {(00:15} 22. Bxg7 {(10:18} Qxg7 {(00:
16} 23. Qxd6 {(00:48} Rb2 {(01:55} 24. Bf3 {(11:59}
Kh8 {(02:09} 25. Qa3 {(02:56} Rd2 {(01:21} 26. Rd1 {
(17:10} Rxd1 {(00:14} 27. Rxd1 {(00:03} e5 {(00:
56} 28. Bd5 {(01:34} Rd8 {(02:53} 29. Qb3 {(00:53} Qe7
{(01:02} 30. c4 {(00:33} f4 {(02:07} 31. dxe5 {(
00:56} fxe5 {(00:09} 32. Qc3 {(00:11} Qg7 {(03:23} 33.
Re1 {(00:23} Re8 {(00:12} 34. c5 {(00:52} Bf5 {(
00:16} 35. Be4 {(00:49} Bxe4 {(01:59} 36. Rxe4 {(00:03]
} Rd8 {(00:34} 37. Qc2 {(01:21} Qg6 {(02:14} 38. Qe2 {
(03:25} Qxe4 {(00:20} 39. Qf1 {(00:51} Qc2 {(00:
19} 40. h3 {(00:00} Rd1 {(00:00} 41. Qxd1 {(00:36}
Qxd1+ {(00:08} 42. Kh2 {(00:02} e4 {(00:22} 43. c6 {
(00:08} f3 {(00:06} 44. c7 {(00:05} Qc2 {(00:11]
} 45. Kg3 {(00:12} Qxc7+ {(00:12} 46. Kf2 {(00:12} Qc2+
{(00:05} 47. Ke3 {(00:04} fxg2 {(00:07} 48. a4 {
(00:06} g1=Q+ {(00:09} 49. Kf4 {(00:08} e3 {(00:
10} 50. a5 {(00:08} Qgh2+ {(00:23} 51. Kg5 {(00:06}
Qg6+ {(00:13} 52. Kh4 {(00:03} Qhg3# {(00:05} 0-1

[Event "42nd Olympiad Baku 2016 Women"]
[Site "Baku"]
[Date "2016.09.02"]
[Round "1.29"]
[White "Milliet, Sophie"]
[Black "Mwango, Lorita"]
[Result "1-0"]
[ECO "B23"]
[WhiteElo "2362"]
[BlackElo "1935"]
[PlyCount "79"]
[EventDate "2016.??.??"]
[EventCountry "AZE"]
[WhiteTeam "Frankreich"]
[BlackTeam "Sambia"]
[WhiteTeamCountry "FRA"]
[BlackTeamCountry "ZAM"]
[TimeControl "40/5400+30:1800+30"]
[WhiteClock "1:01:36"]
[BlackClock "0:25:41"]

1. e4 {(00:00} c5 {(00:00} 2. Nc3 {(00:00} d6 {(
00:28} 3. f4 {(00:00} Nc6 {(00:31} 4. Nf3 {(00:03} Nf6
{(02:13} 5. Bb5 {(04:31} a6 {(01:51} 6. Bxc6+ {(
00:09} bxc6 {(00:13} 7. d3 {(01:59} d5 {(01:43} 8. e5
{(08:57} Ng4 {(03:21} 9. h3 {(01:14} Nh6 {(00:
12} 10. g4 {(01:20} g6 {(01:14} 11. Qe2 {(03:00} e6 {
(00:54} 12. Bd2 {(05:31} Rb8 {(00:48} 13. b3 {(
02:14} Ng8 {(01:39} 14. Na4 {(00:44} h5 {(01:54} 15.
O-O-O {(00:59} Qe7 {(05:30} 16. Kb1 {(04:19} Qb7 {
(01:07} 17. c4 {(04:07} Bd7 {(01:15} 18. Qf2 {(
03:30} Qa7 {(04:26} 19. Bc1 {(07:53} Nh6 {(02:50} 20.
Rhg1 {(00:28} a5 {(01:55} 21. Ba3 {(01:24} Be7 {
(10:04} 22. Bxc5 {(01:19} Bxc5 {(00:41} 23. Qxc5 {
(00:03} Qxc5 {(02:19} 24. Nxc5 {(00:04} hxg4 {(
00:30} 25. hxg4 {(00:03} Ke7 {(00:12} 26. Nd4 {(01:53}
Rhc8 {(03:50} 27. Rg2 {(03:19} a4 {(05:40} 28. Rh1 {
(00:32} Ng8 {(00:22} 29. Rh7 {(00:13} axb3 {(01:
46} 30. axb3 {(00:03} Be8 {(01:52} 31. f5 {(03:39}
exf5 {(07:17} 32. gxf5 {(00:11} Rc7 {(02:05} 33. fxg6 {
(03:03} Ra8 {(07:41} 34. gxf7 {(00:30} Bxf7 {(
00:05} 35. e6 {(02:43} Kd6 {(00:24} 36. exf7 {(06:53}
Nf6 {(00:21} 37. f8=Q+ {(01:01} Rxf8 {(02:04} 38. Rxc7
{(00:04} Rh8 {(02:13} 39. Rxc6+ {(00:17} Ke5 {(
00:19} 40. Nf3+ {(00:00} 1-0

[Event "42nd Olympiad Baku 2016 Women"]
[Site "Baku"]
[Date "2016.09.02"]
[Round "1.13"]
[White "Mirza, Diana"]
[Black "Calzetta Ruiz, Monica"]
[Result "0-1"]
[ECO "B31"]
[WhiteElo "1948"]
[BlackElo "2249"]
[PlyCount "82"]
[EventDate "2016.??.??"]
[EventCountry "AZE"]
[WhiteTeam "Irland"]
[BlackTeam "Spanien"]
[WhiteTeamCountry "IRL"]
[BlackTeamCountry "ESP"]
[TimeControl "40/5400+30:1800+30"]
[WhiteClock "1:00:16"]
[BlackClock "0:33:10"]

1. e4 {(00:00} c5 {(00:00} 2. Nf3 {(00:00} Nc6 {
(00:00} 3. Bb5 {(00:00} g6 {(00:14} 4. O-O {(00:
09} Bg7 {(00:15} 5. c3 {(00:18} e5 {(00:47} 6. Re1 {
(00:53} Nge7 {(01:25} 7. Na3 {(04:25} O-O {(00:
30} 8. Nc2 {(01:06} a6 {(10:23} 9. Bf1 {(00:08} d5 {
(08:40} 10. d3 {(06:29} h6 {(01:34} 11. exd5 {(
05:59} Nxd5 {(00:21} 12. Ne3 {(00:14} Re8 {(07:13} 13.
Nxd5 {(04:03} Qxd5 {(00:06} 14. Be3 {(00:46} Bg4 {
(17:38} 15. Qd2 {(09:17} Bxf3 {(04:31} 16. gxf3 {
(00:11} Kh7 {(00:06} 17. Bg2 {(02:22} Rad8 {(08:
39} 18. Rad1 {(02:53} Nd4 {(09:33} 19. Bxd4 {(04:16}
exd4 {(00:41} 20. f4 {(01:12} Qxa2 {(05:45} 21. c4 {
(02:53} Qb3 {(00:06} 22. Bd5 {(01:33} Rxe1+ {(
07:35} 23. Rxe1 {(01:05} Rxd5 {(00:12} 24. cxd5 {(00:
09} Qxd5 {(00:07} 25. Re8 {(03:03} b5 {(00:52} 26. Qe2
{(04:18} c4 {(00:24} 27. dxc4 {(00:16} bxc4 {(
00:33} 28. Qe7 {(00:08} d3 {(01:00} 29. Rd8 {(00:23}
Qf5 {(00:27} 30. Qc7 {(03:42} Qg4+ {(01:19} 31. Kh1 {
(02:03} Qe2 {(01:15} 32. Kg2 {(00:01} Qg4+ {(08:
09} 33. Kf1 {(03:29} Qe6 {(02:08} 34. Rd7 {(03:58}
Qe2+ {(00:07} 35. Kg2 {(00:27} d2 {(01:22} 36. Qd6 {
(04:05} d1=Q {(03:00} 37. Qxd1 {(00:08} Qxd1 {(
00:04} 38. Rxd1 {(00:19} Bxb2 {(00:02} 39. Rd5 {(02:10]
} c3 {(00:08} 40. Rc5 {(00:00} a5 {(00:00} 41. Kf3 {
(01:23} a4 {(00:09} 0-1

[Event "42nd Olympiad Baku 2016 Women"]
[Site "Baku"]
[Date "2016.09.02"]
[Round "1.1"]
[White "Nosimilo Mkhonto"]
[Black "Narva, Mai"]
[Result "0-1"]
[ECO "A45"]
[WhiteElo "1392"]
[BlackElo "2238"]
[PlyCount "64"]
[EventDate "2016.??.??"]
[EventCountry "AZE"]
[WhiteTeam "SWZ"]
[BlackTeam "Estland"]
[BlackTeamCountry "EST"]
[TimeControl "40/5400+30:1800+30"]
[WhiteClock "0:03:20"]
[BlackClock "1:09:47"]

1. d4 {(00:00} Nf6 {(00:00} 2. Bf4 {(00:16} e6 {
(00:48} 3. h3 {(00:28} d5 {(01:09} 4. e3 {(00:
18} Bd6 {(00:43} 5. Bxd6 {(01:00} Qxd6 {(00:21} 6. Bd3
{(02:39} Qb4+ {(01:13} 7. Nd2 {(01:13} Qxb2 {(
00:49} 8. Ngf3 {(01:22} O-O {(00:40} 9. O-O {(00:45}
c5 {(01:07} 10. c4 {(09:09} cxd4 {(10:16} 11. Nxd4 {
(04:37} Nc6 {(02:01} 12. Nxc6 {(15:56} bxc6 {(
00:10} 13. cxd5 {(06:36} cxd5 {(01:33} 14. Nf3 {(01:47]
} Qa3 {(00:55} 15. Re1 {(11:32} Qe7 {(02:22} 16. Ne5 {
(02:00} Qd6 {(01:13} 17. Ng4 {(05:40} e5 {(02:
32} 18. Qf3 {(09:56} Bxg4 {(01:18} 19. hxg4 {(01:24}
e4 {(00:19} 20. Bxe4 {(03:49} dxe4 {(00:19} 21. Qh3 {
(01:13} h6 {(00:28} 22. Red1 {(01:03} Qe6 {(00:
28} 23. g5 {(06:50} Qxh3 {(00:30} 24. gxh3 {(00:11}
hxg5 {(00:13} 25. Kg2 {(00:45} Rfd8 {(00:38} 26. f3 {
(02:01} Rac8 {(02:19} 27. fxe4 {(03:55} Nxe4 {(
00:35} 28. Kf3 {(00:11} f5 {(00:18} 29. Rxd8+ {(02:35}
Rxd8 {(00:11} 30. a4 {(01:28} Rd2 {(00:14} 31. Rf1 {
(01:07} Rh2 {(00:18} 32. a5 {(00:54} Nd2+ {(00:
13} 0-1

[Event "42nd Olympiad Baku 2016 Women"]
[Site "Baku"]
[Date "2016.09.02"]
[Round "1.25"]
[White "Mona, Khaled"]
[Black "Begum, Ghazala"]
[Result "1-0"]
[ECO "A43"]
[WhiteElo "2175"]
[BlackElo "1668"]
[PlyCount "81"]
[EventDate "2016.??.??"]
[EventCountry "AZE"]
[WhiteTeam "Ägypten"]
[BlackTeam "Pakistan"]
[WhiteTeamCountry "EGY"]
[BlackTeamCountry "PAK"]
[TimeControl "40/5400+30:1800+30"]
[WhiteClock "2:04:29"]
[BlackClock "1:57:41"]

1. d4 {(00:00} c5 {(00:00} 2. d5 {(00:00} d6 {(
00:09} 3. c4 {(00:00} g6 {(00:42} 4. Nc3 {(00:04} Nf6
{(00:15} 5. e4 {(00:10} Bg7 {(00:07} 6. Nf3 {(
00:15} Bg4 {(00:09} 7. Be2 {(00:06} O-O {(01:12} 8.
O-O {(00:07} a6 {(00:15} 9. h3 {(00:10} Bxf3 {(
00:29} 10. Bxf3 {(00:06} Nbd7 {(00:19} 11. Be3 {(00:40]
} Ne5 {(00:03} 12. Be2 {(00:08} Rc8 {(02:06} 13. f4 {
(00:32} Ned7 {(00:34} 14. Bf3 {(00:10} Re8 {(00:
58} 15. Bf2 {(00:31} Nb6 {(00:34} 16. Qd3 {(00:34} Rf8
{(00:55} 17. Rae1 {(00:19} Nfd7 {(00:56} 18. Re2 {
(00:28} e5 {(01:16} 19. dxe6 {(00:10} fxe6 {(00:
16} 20. Qxd6 {(00:22} Nxc4 {(00:30} 21. Qxe6+ {(00:09}
Kh8 {(00:28} 22. Qxc4 {(00:12} Rxf4 {(00:09} 23. Rd1 {
(00:49} Qe8 {(01:44} 24. Red2 {(02:25} Ne5 {(00:
07} 25. Qe2 {(00:04} Nxf3+ {(00:31} 26. gxf3 {(00:06}
Qe6 {(03:22} 27. Rd8+ {(00:31} Rxd8 {(00:05} 28. Rxd8+
{(00:05} Bf8 {(00:13} 29. Bxc5 {(02:51} Kg7 {(
00:08} 30. Bxf8+ {(00:55} Rxf8 {(00:02} 31. Rxf8 {(00:
07} Kxf8 {(00:11} 32. Kg2 {(00:16} b5 {(00:07} 33. Qd2
{(00:22} Kf7 {(00:40} 34. Qd5 {(00:06} Kf6 {(00:
18} 35. Qxe6+ {(00:34} Kxe6 {(00:13} 36. f4 {(00:09}
h6 {(00:02} 37. Nd5 {(00:06} Kd6 {(00:34} 38. Kf3 {
(00:31} a5 {(00:09} 39. Kg4 {(00:14} b4 {(00:46]
} 40. h4 {(00:00} a4 {(00:00} 41. Nxb4 {(00:37} 1-0

[Event "42nd Olympiad Baku 2016 Women"]
[Site "Baku"]
[Date "2016.09.02"]
[Round "1.11"]
[White "Moncayo Romero, Evelyn"]
[Black "Albzoor, Anwar"]
[Result "1-0"]
[ECO "C00"]
[WhiteElo "2046"]
[BlackElo "1570"]
[PlyCount "69"]
[EventDate "2016.??.??"]
[EventCountry "AZE"]
[WhiteTeam "Equador"]
[BlackTeam "Palästina"]
[WhiteTeamCountry "ECU"]
[BlackTeamCountry "PLE"]
[TimeControl "40/5400+30:1800+30"]
[WhiteClock "0:22:45"]
[BlackClock "0:00:41"]

1. e4 {(00:00} e6 {(00:00} 2. d4 {(00:00} d5 {(
00:00} 3. Bd3 {(00:01} dxe4 {(01:23} 4. Bxe4 {(00:08}
Nf6 {(01:04} 5. Bf3 {(00:09} Be7 {(01:31} 6. Ne2 {
(00:47} O-O {(00:47} 7. O-O {(00:17} Nbd7 {(01:
32} 8. Nbc3 {(05:31} Rb8 {(02:34} 9. Bf4 {(01:53} a6 {
(01:53} 10. Re1 {(04:03} b6 {(03:09} 11. Ng3 {(
02:17} Bb7 {(02:48} 12. Bxb7 {(06:07} Rxb7 {(00:22}
13. Qf3 {(03:32} Ra7 {(03:29} 14. Rad1 {(03:55} Bd6 {
(10:38} 15. d5 {(03:32} Bxf4 {(06:11} 16. dxe6 {
(02:45} fxe6 {(05:10} 17. Qxf4 {(00:13} Re8 {(
15:14} 18. Qc4 {(03:57} Qe7 {(03:37} 19. Nce4 {(17:54}
Kh8 {(06:44} 20. Ng5 {(03:14} Nc5 {(03:36} 21. b4 {
(04:18} Ng8 {(11:01} 22. Re5 {(05:11} h6 {(04:
46} 23. Qh4 {(05:19} Nd7 {(07:30} 24. Rxe6 {(00:26}
Qxg5 {(02:42} 25. Qxg5 {(00:08} hxg5 {(00:08} 26. Rxe8
{(00:05} c5 {(00:50} 27. bxc5 {(00:22} bxc5 {(
01:03} 28. Ne4 {(00:17} Kh7 {(00:33} 29. Nxg5+ {(00:10]
} Kh8 {(01:14} 30. h4 {(01:46} Ndf6 {(01:14} 31. Rc8 {
(00:13} Nd7 {(01:45} 32. Ne4 {(01:19} Kh7 {(00:
26} 33. Ng5+ {(03:23} Kh8 {(00:31} 34. Ne6 {(01:06}
Kh7 {(00:54} 35. Rxd7 {(00:27} 1-0

[Event "42nd Olympiad Baku 2016 Women"]
[Site "Baku"]
[Date "2016.09.02"]
[Round "1.22"]
[White "Montilla Reyes, Jorcerys"]
[Black "Allotey, Dorcas"]
[Result "1-0"]
[ECO "D35"]
[WhiteElo "2194"]
[BlackElo "1504"]
[PlyCount "57"]
[EventDate "2016.??.??"]
[EventCountry "AZE"]
[WhiteTeam "Venezuela"]
[BlackTeam "Ghana"]
[WhiteTeamCountry "VEN"]
[BlackTeamCountry "GHA"]
[TimeControl "40/5400+30:1800+30"]
[WhiteClock "1:20:15"]
[BlackClock "0:28:37"]

1. d4 {(00:00} d5 {(00:09} 2. c4 {(00:00} e6 {(
02:08} 3. Nc3 {(00:00} Nf6 {(01:36} 4. cxd5 {(00:00}
exd5 {(01:22} 5. Bg5 {(00:00} h6 {(04:53} 6. Bxf6 {
(00:03} Qxf6 {(04:53} 7. Nxd5 {(00:17} Qc6 {(03:
29} 8. e4 {(00:20} Be6 {(09:51} 9. Bb5 {(02:13} Bb4+ {
(05:05} 10. Nxb4 {(00:09} Qxb5 {(00:55} 11. Qd2 {
(00:17} c6 {(04:02} 12. d5 {(01:35} Bg4 {(03:20]
} 13. f3 {(01:21} Bh5 {(01:14} 14. Ne2 {(00:08} Nd7 {
(03:36} 15. O-O {(03:39} Qc5+ {(02:27} 16. Kh1 {
(00:09} Rd8 {(02:31} 17. Nf4 {(03:26} Nf6 {(02:
55} 18. e5 {(01:41} g5 {(05:41} 19. Nfd3 {(00:11} Qd4
{(01:27} 20. exf6 {(00:19} O-O {(02:05} 21. Qc3 {
(06:39} Qe3 {(02:14} 22. Rae1 {(00:08} Qb6 {(00:
53} 23. f4 {(00:42} g4 {(01:04} 24. Re5 {(00:22} Rd6 {
(03:46} 25. Rxh5 {(00:08} Kh7 {(01:07} 26. Qe5 {
(00:08} Qd8 {(01:09} 27. Rxh6+ {(00:11} Kxh6 {(
00:54} 28. Qg5+ {(00:04} Kh7 {(00:37} 29. Qg7# {(00:05]
} 1-0

[Event "42nd Olympiad Baku 2016 Women"]
[Site "Baku"]
[Date "2016.09.02"]
[Round "1.9"]
[White "Morales Santos, Natasha"]
[Black "Daulyte, Deimante"]
[Result "0-1"]
[ECO "A48"]
[WhiteElo "1908"]
[BlackElo "2421"]
[PlyCount "92"]
[EventDate "2016.??.??"]
[EventCountry "AZE"]
[WhiteTeam "Puerto Rico"]
[BlackTeam "Litauen"]
[WhiteTeamCountry "PUR"]
[BlackTeamCountry "LTU"]
[TimeControl "40/5400+30:1800+30"]
[WhiteClock "0:36:47"]
[BlackClock "0:33:42"]

1. d4 {(00:43} Nf6 {(00:00} 2. Nf3 {(00:17} g6 {
(00:00} 3. c4 {(00:15} Bg7 {(00:09} 4. Nc3 {(00:
11} O-O {(00:23} 5. e4 {(00:22} d6 {(00:13} 6. h3 {
(00:14} e5 {(00:27} 7. d5 {(00:14} Nh5 {(00:39}
8. Be3 {(00:46} f5 {(00:47} 9. g3 {(04:11} f4 {(
02:20} 10. gxf4 {(07:22} Nxf4 {(00:31} 11. Ne2 {(07:10]
} Bh6 {(06:10} 12. h4 {(06:05} Bg4 {(02:14} 13. Nxf4
Bxf4 {(02:55} 14. Be2 {(13:10} Qf6 {(06:41} 15. Ng5 {
(07:09} Bxe3 {(10:21} 16. fxe3 {(00:23} h6 {(02:
12} 17. Ne6 {(03:32} Bxe6 {(02:09} 18. dxe6 {(00:16}
Qxe6 {(03:01} 19. Qd5 {(02:09} Qxd5 {(00:55} 20. exd5 {
(00:20} Nd7 {(01:13} 21. Rg1 {(08:42} Kg7 {(04:
40} 22. Bd3 {(02:56} Rf6 {(00:46} 23. Ke2 {(00:45} Re8
{(04:23} 24. Bc2 {(03:45} a5 {(01:55} 25. Raf1 {
(04:10} e4 {(05:30} 26. Rf4 {(09:11} Nc5 {(05:
46} 27. a3 {(05:27} a4 {(02:04} 28. Kd2 c6 {(08:24}
29. Kc3 {(02:42} cxd5 {(13:56} 30. cxd5 {(00:23} Rxf4 {
(01:10} 31. exf4 {(00:22} Kf6 {(00:33} 32. Kd4 {
(00:58} Kf5 {(00:36} 33. Ke3 {(02:28} b5 {(02:
02} 34. Rg2 {(02:11} Nd7 {(02:30} 35. Bd1 {(00:48} Nf6
{(00:38} 36. Kd4 {(00:33} Rc8 {(01:14} 37. Be2 {
(01:21} Rc5 {(00:43} 38. h5 {(01:33} gxh5 {(04:
01} 39. Rg7 {(00:49} Rxd5+ {(01:44} 40. Ke3 {(00:09}
Rc5 {(01:13} 41. Rb7 {(30:53} h4 {(32:37} 42. Bxb5 {
(00:38} h3 {(00:00} 43. Kf2 {(00:00} Kxf4 {(00:
00} 44. Bxa4 {(00:00} e3+ {(00:00} 45. Kg1 {(00:00}
Rc1+ {(00:00} 46. Kh2 {(00:00} e2 {(00:00} 0-1

[Event "42nd Olympiad Baku 2016 Women"]
[Site "Baku"]
[Date "2016.09.02"]
[Round "1.27"]
[White "Motycakova, Monika"]
[Black "Psaila, Uranchimeg"]
[Result "1-0"]
[ECO "C10"]
[WhiteElo "2109"]
[BlackElo "1483"]
[PlyCount "79"]
[EventDate "2016.??.??"]
[EventCountry "AZE"]
[WhiteTeam "Slowakei"]
[BlackTeam "Malta"]
[WhiteTeamCountry "SVK"]
[BlackTeamCountry "MLT"]
[TimeControl "40/5400+30:1800+30"]
[WhiteClock "0:33:37"]
[BlackClock "0:00:32"]

1. e4 {(00:00} e6 {(00:00} 2. d4 {(00:00} d5 {(
00:32} 3. Nd2 {(00:00} dxe4 {(00:44} 4. Nxe4 {(00:00}
Nd7 {(00:41} 5. Nf3 {(01:10} Ngf6 {(00:34} 6. Nxf6+ {
(05:11} Nxf6 {(02:08} 7. Bd3 {(00:18} b6 {(03:
45} 8. O-O {(03:29} Bb7 {(00:43} 9. Re1 {(03:48} Be7 {
(01:33} 10. c3 {(02:38} O-O {(02:08} 11. Bc2 {(
05:42} Qd5 {(10:03} 12. Bg5 {(06:09} Qb5 {(19:02} 13.
a4 {(10:43} Qd7 {(11:19} 14. Qd3 {(04:37} g6 {(
07:33} 15. Ne5 {(05:44} Qd5 {(08:23} 16. Qh3 {(03:12}
Qd8 {(04:07} 17. Bh6 {(03:53} Re8 {(01:18} 18. Nxf7 {
(03:35} Qd5 {(05:25} 19. Ng5 {(05:12} Bf8 {(03:
57} 20. Bxf8 {(10:21} Qxg5 {(04:14} 21. Bh6 {(00:49}
Qg4 {(01:48} 22. Qxg4 {(02:54} Nxg4 {(00:15} 23. Bf4 {
(00:23} Rac8 {(01:19} 24. a5 {(09:31} a6 {(02:
50} 25. axb6 {(03:18} cxb6 {(00:28} 26. Bb3 {(05:35}
Kf7 {(01:53} 27. c4 {(00:25} Nf6 {(00:59} 28. f3 {
(02:31} Red8 {(02:45} 29. Rad1 {(02:20} Bc6 {(
02:33} 30. Bg5 {(00:16} Rd7 {(00:27} 31. Bxf6 {(00:47}
Kxf6 {(00:11} 32. d5 {(00:21} exd5 {(00:16} 33. cxd5 {
(00:01} Bb7 {(00:28} 34. Re6+ {(00:12} Kf7 {(00:
25} 35. Rxb6 {(00:15} Rcd8 {(00:36} 36. d6+ {(00:17}
Kg7 {(00:31} 37. Be6 {(00:25} Rxd6 {(01:59} 38. Rbxd6 {
(00:11} Rxd6 {(00:18} 39. Rxd6 {(00:01} a5 {(00:
48} 40. Rd7+ {(00:00} 1-0

[Event "42nd Olympiad Baku 2016 Women"]
[Site "Baku"]
[Date "2016.09.02"]
[Round "1.24"]
[White "Mudongo, Boikhutso"]
[Black "Hapala, Elisabeth"]
[Result "0-1"]
[ECO "B44"]
[WhiteElo "1771"]
[BlackElo "2021"]
[PlyCount "100"]
[EventDate "2016.??.??"]
[EventCountry "AZE"]
[WhiteTeam "Botswana"]
[BlackTeam "Österreich"]
[WhiteTeamCountry "BOT"]
[BlackTeamCountry "AUT"]
[TimeControl "40/5400+30:1800+30"]
[WhiteClock "0:05:36"]
[BlackClock "0:08:44"]

1. e4 {(00:00} c5 {(00:00} 2. Nf3 {(00:00} e6 {(
00:00} 3. d4 {(00:00} cxd4 {(00:00} 4. Nxd4 {(00:00}
Nc6 {(00:00} 5. Be3 {(01:36} Nf6 {(03:19} 6. Bd3 {
(09:18} Qc7 {(13:15} 7. O-O {(08:44} a6 {(01:12]
} 8. Nc3 {(01:22} Ne5 {(01:07} 9. h3 {(07:35} Bc5 {
(00:47} 10. Qe2 {(04:39} d6 {(06:42} 11. Nb3 {(
05:38} Bxe3 {(01:11} 12. Qxe3 {(01:28} O-O {(14:46}
13. Rad1 {(04:53} b5 {(01:37} 14. f4 {(08:02} Nc4 {
(08:05} 15. Bxc4 {(04:22} bxc4 {(00:04} 16. Nd2 {
(07:46} Bb7 {(11:09} 17. e5 {(18:10} dxe5 {(00:
47} 18. fxe5 {(01:30} Nd5 {(03:08} 19. Nxd5 {(03:08}
Bxd5 {(00:40} 20. Nf3 {(02:53} Qb7 {(09:55} 21. b3 {
(01:58} a5 {(03:19} 22. Qd4 {(06:29} Rac8 {(04:
36} 23. Kh2 {(00:35} cxb3 {(08:44} 24. cxb3 {(00:09}
Rc2 {(00:28} 25. Rd2 {(00:54} Rxd2 {(02:23} 26. Qxd2 {
(00:26} Qb4 {(02:59} 27. Qxb4 {(01:11} axb4 {(
00:01} 28. Rc1 {(00:24} h6 {(00:07} 29. Rc2 {(00:32}
Ra8 {(01:12} 30. Kg3 {(00:37} Kf8 {(01:35} 31. Kf4 {
(00:23} g5+ {(00:42} 32. Ke3 {(00:07} Kg7 {(00:
18} 33. Nd4 {(00:59} Ra5 {(00:34} 34. g4 {(00:38} Kg6
{(01:33} 35. Ne2 {(00:20} Bg2 {(00:35} 36. Ng1 {
(00:41} Rxe5+ {(00:12} 37. Kd4 {(00:21} Rd5+ {(
00:48} 38. Kc4 {(00:31} Be4 {(00:14} 39. Rf2 {(00:37}
Rd1 {(00:53} 40. Nf3 {(00:00} f5 {(00:00} 41. Kxb4 {
(00:43} f4 {(09:30} 42. a4 {(04:06} Bxf3 {(06:
07} 43. Rxf3 {(01:57} e5 {(00:02} 44. Kc3 {(16:29} e4
{(01:42} 45. Kc2 {(00:36} Ra1 {(07:06} 46. Rc3 {
(01:31} f3 {(00:49} 47. Rc6+ {(02:38} Kf7 {(00:
13} 48. Rc7+ {(00:31} Ke6 {(00:13} 49. Rc6+ {(00:08}
Kd5 {(00:34} 50. Rf6 {(01:49} f2 {(01:03} 0-1

[Event "42nd Olympiad Baku 2016 Women"]
[Site "Baku"]
[Date "2016.09.02"]
[Round "1.29"]
[White "Mueller-Seps, Monika"]
[Black "Lu, Rachel"]
[Result "1-0"]
[ECO "A45"]
[WhiteElo "2276"]
[BlackElo "1671"]
[PlyCount "47"]
[EventDate "2016.??.??"]
[EventCountry "AZE"]
[WhiteTeam "Schweiz"]
[BlackTeam "Hongkong"]
[WhiteTeamCountry "SUI"]
[BlackTeamCountry "HKG"]
[TimeControl "40/5400+30:1800+30"]
[WhiteClock "0:16:29"]
[BlackClock "0:43:28"]

1. d4 {(00:00} Nf6 {(00:00} 2. Bg5 {(02:25} d5 {
(01:48} 3. e3 {(02:21} Bf5 {(01:18} 4. Bxf6 {(
02:10} exf6 {(00:11} 5. Bd3 {(00:33} Bxd3 {(00:40} 6.
Qxd3 {(00:05} c6 {(01:15} 7. Ne2 {(01:59} Nd7 {(
03:43} 8. Nd2 {(02:54} Qb6 {(01:42} 9. O-O {(04:04}
O-O-O {(02:24} 10. c4 {(02:10} Qa6 {(05:03} 11. Rfc1 {
(06:49} Bb4 {(01:44} 12. Nf3 {(06:37} Nb6 {(07:
24} 13. b3 {(09:22} Ba3 {(01:59} 14. Rc2 {(00:49} Kb8
{(04:24} 15. Qc3 {(06:49} Be7 {(05:13} 16. c5 {(
01:00} Nd7 {(00:24} 17. a4 {(00:54} Rc8 {(06:59} 18.
b4 {(03:33} f5 {(03:21} 19. Nf4 {(14:14} Nf6 {(
02:39} 20. b5 {(02:19} cxb5 {(00:44} 21. axb5 {(00:23}
Qxb5 {(00:27} 22. Ne5 {(08:39} Qe8 {(03:42} 23. Qa5 {
(02:55} a6 {(00:58} 24. Rb2 {(02:27} 1-0

[Event "42nd Olympiad Baku 2016 Women"]
[Site "Baku"]
[Date "2016.09.02"]
[Round "1.10"]
[White "Munoz Santana, Doribel"]
[Black "Cosma, Elena-Luminita"]
[Result "0-1"]
[ECO "C01"]
[WhiteElo "1899"]
[BlackElo "2331"]
[PlyCount "69"]
[EventDate "2016.??.??"]
[EventCountry "AZE"]
[WhiteTeam "Dominikanische Republik"]
[BlackTeam "Rumänien"]
[WhiteTeamCountry "DOM"]
[BlackTeamCountry "ROU"]
[TimeControl "40/5400+30:1800+30"]
[WhiteClock "0:00:03"]
[BlackClock "0:02:23"]

1. e4 {(00:00} e6 {(00:00} 2. d4 {(00:10} d5 {(
00:00} 3. exd5 {(00:17} exd5 {(00:00} 4. Nf3 {(00:12}
Nc6 {(01:03} 5. Bb5 {(05:50} Nge7 {(00:08} 6. O-O {
(00:51} a6 {(00:26} 7. Be2 {(04:56} g6 {(06:39}
8. Bf4 {(02:14} Bg7 {(00:09} 9. c3 {(03:47} O-O {
(00:30} 10. Nbd2 {(03:36} h6 {(02:50} 11. h3 {(
02:39} Nf5 {(06:25} 12. Re1 {(01:45} Nd6 {(02:06} 13.
Nf1 {(01:42} Be6 {(19:37} 14. Ne3 {(15:11} Ne7 {
(05:42} 15. Ne5 {(05:51} f6 {(07:39} 16. Nd3 {(
05:24} g5 {(00:56} 17. Bh2 {(01:28} b6 {(07:15} 18.
Bf3 {(04:07} Qd7 {(05:55} 19. Nb4 {(07:43} c6 {(
02:28} 20. Qe2 {(03:41} Rfe8 {(05:34} 21. Nxa6 {(09:15]
} Nef5 {(05:08} 22. Bh5 {(09:12} Bf7 {(07:03} 23. Bg4 {
(02:31} h5 {(08:23} 24. Bxf5 {(03:25} Nxf5 {(00:
04} 25. Nc7 {(00:43} Rxe3 {(00:30} 26. fxe3 {(01:02}
Rc8 {(00:34} 27. e4 {(03:45} Nd6 {(04:08} 28. e5 {
(00:43} fxe5 {(00:25} 29. dxe5 {(00:20} Ne4 {(
00:03} 30. e6 {(00:19} Bxe6 {(00:10} 31. Nxe6 {(00:08}
Qxe6 {(00:06} 32. Qxh5 {(00:26} Qe7 {(02:00} 33. Re2 {
(02:44} Qc5+ {(00:24} 34. Kh1 {(00:29} Rf8 {(00:
17} 35. Rae1 {(01:01} 0-1